 Dungeon Crawl Stone Soup version 0.29-a0-817-g9904bce7a6 (webtiles) character file.

Game seed: 17214544310890275122

79 micr0chasm the Magician (level 4, 0/31 HPs)
             Began as a Djinni Fire Elementalist on Sept 13, 2021.
             Was an Initiate of Makhleb.
             Slain by an iguana (13 damage)
             ... on level 4 of the Dungeon on July 5, 2022.
             The game lasted 00:13:44 (5250 turns).

micr0chasm the Magician (Djinni Fire Elementalist)  Turns: 5250, Time: 00:13:45

Health: 0/31       AC:  2    Str:  8    XL:     4   Next: 62%
Gold:   106        EV: 12    Int: 17    God:    Makhleb [......] SH:  4 Dex: 13

rFire   + + .      SeeInvis .   (no weapon)
rCold   x . .      Faith    .   d - +0 buckler
rNeg    . . .      Spirit   .   a - +0 robe
rPois   ∞          Reflect  .   (no helmet)
rElec   .          Harm     .   (no cloak)
rCorr   .          Rampage  .   (no gloves)
Will    .....                   (boots unavailable)
Stlth   ++........              (no amulet)
HPRegen 0.10/turn               (no ring)
MPRegen 0.00/turn               (no ring)

@: flying, very slightly contaminated
A: sickness immunity, fire resistance 2, cold vulnerability 1, float, innate
caster, HP casting, extra vitality 1
a: Renounce Religion


You were on level 4 of the Dungeon.
You worshipped Makhleb.
Makhleb was noncommittal.
You visited 1 branch of the dungeon, and saw 4 of its levels.

You collected 106 gold pieces.

Inventory:

Hand Weapons
 h - a +0 short sword
   (You took it off a kobold on level 2 of the Dungeon)
 k - a +0 dagger of flaming
   (You took it off an orc on level 3 of the Dungeon)
Missiles
 m - 23 poisoned darts
Armour
 a - a +0 robe (worn)
 d - a +0 buckler (worn)
   (You found it on level 1 of the Dungeon)
 l - a +0 cloak
   (You found it on level 3 of the Dungeon)
 n - a +2 robe of fire resistance
   (You found it on level 3 of the Dungeon)
 o - a +0 leather armour
   (You took it off an orc on level 3 of the Dungeon)
Wands
 x - a wand of acid (9)
   (You found it on level 3 of the Dungeon)
Scrolls
 b - a scroll of blinking {unknown}
 c - 4 scrolls of identify {unknown}
 e - a scroll of acquirement {unknown}
 f - a scroll of teleportation {unknown}
Potions
 g - a potion of flight {unknown}
 i - a potion of haste {unknown}
 j - a potion of magic {unknown}


   Skills:
 + Level 3.1 Dodging
 - Level 1.5 Stealth
 + Level 1.5 Shields
 * Level 3.2 Spellcasting


You couldn't memorise any spells.
You knew the following spells:

 Your Spells              Type           Power      Damage    Failure   Level
a - Foxfire               Conj/Fire      52%        2x1d6     6%          1
b - Scorch                Fire           26%        2d6       9%          2
c - Inner Flame           Hex/Fire       13%        N/A       17%         3
d - Conjure Flame         Conj/Fire      13%        6-21      17%         3
e - Flame Wave            Conj/Fire      13%        2d6       50%         4
f - Summon Small Mammal   Summ           52%        N/A       6%          1
Your spell library was empty.

Dungeon Overview and Level Annotations

Branches:
Dungeon (4/15)
 Temple: D:4-7

Altars:
Makhleb
Okawaru
Trog
Uskayaw
Xom


Innate Abilities, Weirdness & Mutations

You are immune to sickness and miasma.
You are immune to poison.
Your flesh is very heat resistant. (rF++)
You are vulnerable to cold. (rC-)
You float through the air rather than walking.
You learn spells naturally, not from books.
Your magical power is your life essence.
You have superior vitality. (+4 MHP)


Message History

You don't know that spell.
Unknown command.
Unknown command.
You don't know that spell.
(D) Dungeon
Where to? (? - help)
You see here a +0 dagger.
Things that are here:
4 stones; a +0 club
There is a stone staircase leading down here.
You fly downwards.
The kobold shouts!
The ball python hisses angrily.
Found 16 gold pieces.
There is a stone staircase leading up here.
There are monsters nearby!
Unknown command.
You don't know that spell.
You don't know that spell.
You conjure some foxfire!
An orc comes into view. It is wielding a +0 club.
The foxfire hits the ball python.
You kill the ball python!
Makhleb accepts your kill.
The foxfire hits the kobold.
You kill the kobold!
Makhleb accepts your kill.
You conjure some foxfire!
The foxfire hits the orc. x2
You conjure some foxfire!
Unknown command.
The foxfire hits the orc.
You kill the orc!
Makhleb accepts your kill.
You start resting.
You start waiting.
An iguana comes into view.
An iguana is nearby!
The iguana hisses angrily.
You conjure some foxfire!
Unknown command.
The foxfire hits the iguana but does no damage. x2
You miscast Foxfire.
You are very lightly contaminated with residual magic.
Nothing appears to happen.
You miscast Foxfire.
Nothing appears to happen.
The iguana bites you!
* * * LOW HITPOINT WARNING * * *
You conjure some foxfire!
* * * LOW HITPOINT WARNING * * *
The iguana bites you!
You die...

#...# #...# ....
#...# ..... +...+
.....
#+##...###.....
#.....$......#
#............#
#.....l......##
+#..).v@.......#
......)v.<......#
...##########...#
.. ..# . .#


You could see an iguana (ally target).

Vanquished Creatures
  3 adders
  3 orcs
  6 ball pythons
  6 bats
  3 endoplasms
  2 hobgoblins (D:3)
  3 jackals (D:3)
  6 quokkas
  A frilled lizard (D:1)
  2 goblins
  8 kobolds
  2 rats
45 creatures vanquished.

Vanquished Creatures (collateral kills)
  3 foxfires (D:1)
3 creatures vanquished.

Vanquished Creatures (others)
  135 foxfires
135 creatures vanquished.

Grand Total: 183 creatures vanquished

Notes
Turn   | Place    | Note
-------+----------+-------------------------------------------
     0 | D:1      | micr0chasm the Djinni Fire Elementalist began the quest for
                  | the Orb.
     0 | D:1      | Reached XP level 1. HP: 15/15 MP: 0/0
   537 | D:1      | Reached XP level 2. HP: 20/21 MP: 0/0
  1151 | D:2      | Reached XP level 3. HP: 23/25 MP: 0/0
  1151 | D:2      | Learned a level 1 spell: Summon Small Mammal
  1169 | D:2      | Upgraded the game from 0.28-a0-447-g1f95980246 to
                  | 0.28-a0-529-g3bad584f25
  1243 | D:2      | Reached skill level 1 in Shields
  1429 | D:2      | Found a faded altar of an unknown god.
  2201 | D:3      | Found a hide-covered altar of Uskayaw.
  2237 | D:3      | Reached XP level 4. HP: 26/31 MP: 0/0
  3520 | D:3      | Found a shimmering altar of Xom.
  3523 | D:3      | Found an iron altar of Okawaru.
  3524 | D:3      | Found a burning altar of Makhleb.
  3686 | D:3      | Found a bloodstained altar of Trog.
  5089 | D:3      | Upgraded the game from 0.28-a0-529-g3bad584f25 to
                  | 0.28-a0-1339-ga5422284a4
  5089 | D:3      | Upgraded the game from 0.28-a0-1339-ga5422284a4 to
                  | 0.28-a0-1510-gd0f6b136d3
  5089 | D:3      | Upgraded the game from 0.28-a0-1510-gd0f6b136d3 to
                  | 0.29-a0-11-ga75d3d97ab
  5089 | D:3      | Upgraded the game from 0.29-a0-11-ga75d3d97ab to
                  | 0.29-a0-817-g9904bce7a6
  5093 | D:3      | Became a worshipper of Makhleb the Destroyer
  5250 | D:4      | Slain by an iguana

Illustrated notes

Levels and vault maps discovered:
D:1:      dpeg_arrival_more_subterranean_lakeside_camping, layout_basic,
          minmay_hedge_maze
D:2:      layout_basic, hellmonk_ecumenical_altar_arch_garden
D:3:      layout_loops_ring, mainiacjoe_overflow_alcove_2,
          nicolae_uskayaw_dance_hall, minitemple, mrwooster_statue_mirror
D:4:      layout_basic, ebering_dispersal_statue_hall, feat_on_display

Skill      XL: |  1  2  3 |
---------------+----------+-----
Shields        | 1 |  1.5
Spellcasting   | 3 |  3.2
Dodging        | 3 |  3.1
Stealth        | |  1.5

Action                   |  1- 3 |  4- 6 || total
-------------------------+-------+-------++-------
Melee: Unarmed           |    10 |       ||    10
 Cast: Foxfire           |    47 |    38 ||    85
Armor: Robe              |    10 |     3 ||    13
Dodge: Dodged            |    36 |    13 ||    49
Block: Buckler           |     7 |     6 ||    13

Table legend: (Time is in decaauts)
 A = Elapsed time spent in this place.
 B = Non-inter-level travel time spent in this place.
 C = Inter-level travel time spent in this place.
 D = Time resting spent in this place.
 E = Time spent auto-exploring this place.
 F = Levels seen in this place.
 G = Mean time per level.
                   A        B        C        D        E       F      G
               +--------+--------+--------+--------+--------+-----+--------+
         Total |   5250 |   5078 |    172 |   2530 |   1489 |   4 | 1312.5 |
       Dungeon |   5250 |   5078 |    172 |   2530 |   1489 |   4 | 1312.5 |
               +--------+--------+--------+--------+--------+-----+--------+

Top non-repeatable levels by time:
     D:3: 3119 daAuts
     D:2: 1047 daAuts
     D:1: 1044 daAuts
     D:4: 38 daAuts
